 Dungeon Crawl Stone Soup version 0.31-a0-1183-gd88bbb8b4d (webtiles) character file.

Game seed: 10193766046099337686

163 qw the Shooter (level 5, -1/32 HPs)
             Began as a Gargoyle Hunter on Dec 11, 2023.
             Slain by an elf zombie (3 damage)
             ... in an ossuary.
             The game lasted 00:01:15 (3103 turns).

qw the Shooter (Gargoyle Hunter)                    Turns: 3103, Time: 00:01:15

Health: -1/32      AC: 10    Str: 15    XL:     5   Next: 44%
Magic:  5/5        EV: 11    Int:  9    God:
Gold:   198        SH:  5    Dex: 15    Spells: 4/4 levels left

rFire   . . .        a - +0 shortbow
rCold   + . .        (shield currently unavailable)
rNeg    + . .        h - +1 ring mail
rPois   inf          (no helmet)
rElec   +            (no cloak)
rCorr   .            (no gloves)
SInv    .            (no boots)
Will    .....        i - amulet of reflection
Stlth   +            j - ring of protection from cold
HPRegen 0.25/turn    (no ring)
MPRegen 0.09/turn

%: reflection
@: no status effects
A: sickness immunity, AC +4, negative energy resistance 1, electricity
resistance, torment resistance 1, petrification resistance
a: no special abilities


You were in an ossuary.
You visited 1 branch of the dungeon, and saw 4 of its levels.
You also visited: Ossuary.

You collected 198 gold pieces.


Innate Abilities, Weirdness & Mutations

You are immune to sickness and miasma.
Your stone body is resilient. (AC +4)
You are immune to poison.
You resist negative energy. (rN+)
You are resistant to electric shocks. (rElec)
You are resistant to unholy torment.
You are immune to petrification.


   Skills:
 + Level 3.2 Fighting
 - Level 6.0 Ranged Weapons
 - Level 1.0 Armour
 - Level 1.5 Dodging
 - Level 1.1 Stealth


You had 4 spell levels left.
You didn't know any spells.
Your spell library was empty.

Inventory:

Hand Weapons
 a - a +0 shortbow (weapon)
Armour
 h - a +1 ring mail (worn)
Jewellery
 i - an amulet of reflection (around neck)
 j - a ring of protection from cold (left hand)
Potions
 c - 2 potions of curing
 d - a potion of might
 e - a potion of haste {unknown}

Dungeon Overview and Level Annotations

Branches:
Dungeon (4/15)             Temple (0/1) D:4         Ossuary (1/1)

Altars:


Message History

You block the adder zombie's attack.
The kobold zombie hits you but does no damage.
The gnoll zombie barely misses you. The hobgoblin zombie barely misses you.
The adder zombie closely misses you. The jackal zombie barely misses you.
You shoot an arrow.
The arrow closely misses the elf zombie.
The adder zombie misses you.
The elf zombie hits you but does no damage.
The hobgoblin zombie hits you but does no damage.
The jackal zombie bites you but does no damage.
The adder zombie closely misses you.
The gnoll zombie hits you but does no damage.
The hobgoblin zombie hits you but does no damage.
The kobold zombie misses you.
The adder zombie bites you but does no damage.
You shoot an arrow.
The arrow closely misses the elf zombie.
The jackal zombie closely misses you.
The elf zombie hits you but does no damage.
The hobgoblin zombie closely misses you.
The adder zombie bites you.
The adder zombie bites you but does no damage.
The gnoll zombie barely misses you. The hobgoblin zombie misses you.
You block the kobold zombie's attack.
You shoot an arrow. The arrow hits the elf zombie!
The elf zombie is almost destroyed.
The jackal zombie bites you. The adder zombie closely misses you.
The adder zombie bites you but does no damage.
The elf zombie hits you but does no damage.
The hobgoblin zombie hits you but does no damage.
The jackal zombie bites you.
The gnoll zombie hits you but does no damage.
You block the hobgoblin zombie's attack.
The kobold zombie hits you but does no damage.
You shoot an arrow.
The arrow hits the elf zombie but does no damage.
The elf zombie is almost destroyed.
The adder zombie barely misses you. You block the adder zombie's attack.
The jackal zombie barely misses you. The elf zombie hits you.
You die...

...............
...............
...............
...............
...............
...............
.......Z.......
......ZZZ......
.....ZZ@ZZ.....
......ZZZ......
...............
...............
...............
...............
...............
.....#####.....


You could see 2 adder zombies, a jackal zombie, 2 hobgoblin zombies, a gnoll
zombie, a kobold zombie, 2 elf zombies and 2 human zombies.

Vanquished Creatures
  A hound (D:4)
  3 adders
  A shadow imp (D:3)
  An adder zombie (Ossuary)
  3 worms
  5 orcs (D:4)
  6 ball pythons
  3 endoplasms
  3 giant cockroaches (D:3)
  10 goblins
  9 hobgoblins
  4 jackals (D:2)
  2 quokkas
  7 bats
  6 frilled lizards
  5 kobolds
  8 rats
77 creatures vanquished.

Notes
Turn   | Place    | Note
-------+----------+-------------------------------------------
     0 | D:1      | qw the Gargoyle Hunter began the quest for the Orb.
     0 | D:1      | Reached XP level 1. HP: 12/12 MP: 1/1
     0 | D:1      | 0 ||| qw: Version: 0.3-a-106-g2cfff9e
     0 | D:1      | 0 ||| qw: Game counter: 2091
     0 | D:1      | 0 ||| qw: Melee chars always use a shield: true
     0 | D:1      | 0 ||| qw: God list: Okawaru
     0 | D:1      | 0 ||| qw: Allow faded altars: false
     0 | D:1      | 0 ||| qw: Do Orc after clearing Dungeon:15 true
     0 | D:1      | 0 ||| qw: Do second Lair branch before Depths: true
     0 | D:1      | 0 ||| qw: Lair rune preference: random
     0 | D:1      | 0 ||| qw: Goals: Normal, Save, Zot:1-4, Win
     0 | D:1      | 0 ||| PLANNING D:1-11
   280 | D:1      | Reached XP level 2. HP: 17/17 MP: 2/2
   778 | D:1      | 778 ||| UPGRADING to +0 ring mail.
   788 | D:1      | 788 ||| DROPPING +0 leather armour.
   789 | D:1      | 789 ||| UPGRADING to amulet of reflection.
   794 | D:1      | 794 ||| READING 2 scrolls labelled UDICEMEKIA.
   794 | D:1      | 794 ||| IDENTIFYING scroll labelled ANOSCH YTILL
   795 | D:1      | 795 ||| READING scroll of identify.
   795 | D:1      | 795 ||| IDENTIFYING scroll labelled HEKYOKHEIM
   796 | D:1      | 796 ||| READING 2 scrolls labelled REBIADUIMIRPH.
   797 | D:1      | 797 ||| DROPPING scroll of butterflies.
   798 | D:1      | 798 ||| DROPPING scroll of revelation.
   799 | D:1      | 799 ||| DROPPING scroll of fear.
   800 | D:1      | 800 ||| DROPPING scroll of amnesia.
   929 | D:2      | Reached skill level 1 in Armour
   929 | D:2      | Reached XP level 3. HP: 21/21 MP: 3/3
  1127 | D:2      | Reached skill level 5 in Ranged Weapons
  1476 | D:2      | Reached skill level 3 in Fighting
  1476 | D:2      | Reached XP level 4. HP: 25/28 MP: 4/4
  1827 | D:2      | 1827 ||| UPGRADING to ring of protection from cold.
  1828 | D:2      | 1828 ||| READING 2 scrolls of identify.
  1828 | D:2      | 1828 ||| IDENTIFYING 2 smoky red potions
  1829 | D:2      | 1829 ||| READING scroll of identify.
  1829 | D:2      | 1829 ||| IDENTIFYING 3 green potions
  1830 | D:2      | 1830 ||| READING scroll labelled EMAXEATUCA.
  1830 | D:2      | 1830 ||| ENCHANTING +0 ring mail.
  1831 | D:2      | 1831 ||| READING scroll labelled HOACKO COECLA.
  1835 | D:2      | 1835 ||| READING scroll labelled XICREPL IDIN.
  1836 | D:2      | 1836 ||| DROPPING 3 potions of brilliance.
  1868 | D:3      | 1868 ||| PLANNING SEWER
  2488 | D:3      | 2488 ||| RIP SEWER
  2505 | D:3      | 2505 ||| PLANNING D:1-11
  2581 | D:3      | Reached XP level 5. HP: 32/32 MP: 5/5
  2632 | D:3      | 2632 ||| READING scroll of identify.
  2632 | D:3      | 2632 ||| IDENTIFYING fuming ruby potion
  2633 | D:3      | 2633 ||| DRINKING 2 sedimented golden potions.
  2670 | D:4      | 2670 ||| PLANNING OSSUARY
  2713 | D:4      | Reached skill level 6 in Ranged Weapons
  2931 | D:4      | Found a staircase to the Ecumenical Temple.
  3044 | D:4      | Found a sand-covered staircase.
  3045 | D:4      | 3045 ||| READING scroll of identify.
  3045 | D:4      | 3045 ||| IDENTIFYING sapphire potion
  3046 | D:4      | 3046 ||| DROPPING potion of lignification.
  3056 | Ossuary  | Entered an ossuary
  3057 | Ossuary  | 3057 ||| RETREEAATING.
  3080 | Ossuary  | HP: 5/32 [elf zombie (5)]
  3081 | Ossuary  | 3081 ||| DRINKING potion of heal wounds.
  3097 | Ossuary  | HP: 6/32 [elf zombie (6)]
  3102 | Ossuary  | HP: 3/32 [jackal zombie (1)]
  3103 | Ossuary  | Slain by an elf zombie

Levels and vault maps discovered:
D:1:      dpeg_arrival_orchard, layout_loops_corners, minmay_pentomino_r2
D:2:      layout_loops_corners, minmay_goblin_kobold_house
D:3:      layout_loops_ring, mainiacjoe_sewer_entry_somewhere_in_here_2
D:4:      layout_loops_cross, lemuel_temple_firewalk_b,
          lightli_ossuary_entry_decrepit_ruins
Ossuary:  ossuary_minmay_tomb_2a

Skill      XL: |  1  2  3  4  5 |
---------------+----------------+-----
Armour         | 1 |  1.0
Ranged Weapons | 5 6 |  6.0
Fighting       | 3 |  3.2
Dodging        | |  1.5
Stealth        | |  1.1

Action                     |  1- 3 |  4- 6 || total
---------------------------+-------+-------++-------
   Fire: Shortbow          |   118 |   195 ||   313
    Use: Scroll            |     3 |     7 ||    10
         Potion            |       |     2 ||     2
 Armour: Leather armour    |     3 |       ||     3
         Ring mail         |    44 |   231 ||   275
  Dodge: Dodged            |    27 |   196 ||   223
  Block: Other             |    10 |    51 ||    61
         Reflection        |     1 |       ||     1

Table legend:
 A = Non-vault XP
 B = Vault XP
 C = Vault XP percentage of total XP
 D = Non-vault monster count
 E = Vault monster count
 F = Vault count percentage of total count
                 A         B        C        D         E       F
            +---------+---------+-------+---------+---------+-------
      Total |     198 |      35 |  15.0 |      60 |      17 |  22.1
            +---------+---------+-------+---------+---------+-------
        D:1 |      24 |       1 |   4.0 |      15 |       1 |   6.2
        D:2 |      57 |      15 |  20.8 |      24 |       8 |  25.0
        D:3 |      56 |      14 |  20.0 |      14 |       7 |  33.3
        D:4 |      61 |       0 |   0.0 |       7 |       0 |   0.0
    Ossuary |       0 |       5 | 100.0 |       0 |       1 | 100.0
            +---------+---------+-------+---------+---------+-------
